 Dungeon Crawl Stone Soup version 0.17-a0-1718-g72dbe4d (webtiles) character file.

6365 KambridgeKobold the Protected (level 10, -13/80 HPs)
             Began as a Demonspawn Berserker on Aug 26, 2015.
             Was a Priest of Trog.
             Mangled by a catoblepas (18 damage)
             ... on level 9 of the Dungeon.
             The game lasted 00:59:24 (11006 turns).

KambridgeKobold the Protected (DsBe)               Turns: 11006, Time: 00:59:25

Health: -13/80     AC: 24    Str: 18    XL:     10   Next: 65%
Magic:  9/9        EV: 10    Int:  8    God:    Trog [***...]
Gold:   101        SH:  0    Dex: 16    Spells: 0 memorised, 9 levels left

rFire  . . .     SeeInvis .     b - +3 great mace (protect)
rCold  . . .     Clarity  .     k - +4 ring mail
rNeg   . . .     SustAt   .     (no shield)
rPois  .         Gourm    .     (helmet restricted)
rElec  .         Spirit   .     (no cloak)
rCorr  .         Warding  .     (no gloves)
rMut   .         Stasis   .     x - +0 pair of boots
MR     .....                    G - amulet of regeneration
Stlth  +.........               Y - +3 ring of evasion
                                Q - +1 ring of protection

@: petrifying, very slow, not resistant to hostile enchantments, very unstealthy
A: hooves 1, horns 1, iridescent scales 2, low mp 1, powered by pain 1, wild
magic 1, rot immunity
a: Burn Spellbooks, Berserk, Trog's Hand, Renounce Religion


You were on level 9 of the Dungeon.
You worshipped Trog.
Trog was most pleased with you.
You were not hungry.

You visited 1 branch of the dungeon, and saw 9 of its levels.
You also visited: Ossuary.

You collected 302 gold pieces.
You spent 201 gold pieces at shops.

Inventory:

Hand weapons
 b - a +3 great mace of protection (weapon)
 j - a +0 dagger of protection
 m - a +0 hunting sling
 y - a +2 spear of piercing
Missiles
 w - 208 stones (quivered)
Armour
 k - a +4 ring mail (worn)
 x - a +0 pair of boots (worn)
 O - a +0 plate armour
 T - a +2 scale mail of poison resistance
Jewellery
 p - an uncursed amulet of resist mutation
 G - an amulet of regeneration (around neck)
 Q - a +1 ring of protection (left hand)
 V - an uncursed ring of sustain attributes
 Y - a +3 ring of evasion (right hand)
Magical devices
 a - a wand of confusion (15)
 s - a wand of lightning (9)
 B - a wand of frost (28)
 M - a wand of draining (11)
 P - a wand of digging (2)
Scrolls
 f - a scroll of noise {unknown}
 g - 2 scrolls of random uselessness {unknown}
 q - a scroll of recharging {unknown}
 r - a scroll of fog
 u - 4 scrolls of remove curse
 z - 3 scrolls of enchant armour {unknown}
 J - a scroll of magic mapping {unknown}
 L - 3 scrolls of teleportation
 S - 2 scrolls of enchant weapon
 W - 2 scrolls of amnesia {unknown}
Potions
 e - 2 potions of flight
 i - 6 potions of curing
 l - 2 potions of heal wounds
 o - 3 potions of ambrosia
 t - a potion of agility {unknown}
 A - a potion of berserk rage {unknown}
 C - a potion of lignification
 D - 2 potions of might
 F - 2 potions of degeneration {unknown}
 H - a potion of brilliance {unknown}
 I - a potion of invisibility {unknown}
 K - a potion of haste {unknown}
 N - a potion of cancellation {unknown}
 X - a potion of magic {unknown}
 Z - a potion of poison {unknown}
Comestibles
 c - 3 bread rations
 d - 3 beef jerkies
 h - a slice of pizza
 n - 18 chunks of flesh
 R - a royal jelly


   Skills:
 + Level 7.7 Fighting
   Level 2.6(4.0) Axes
 + Level 4.6(5.0) Maces & Flails
 * Level 9.9 Armour
 - Level 8.1 Dodging


You had 9 spell levels left.
You didn't know any spells.

Dungeon Overview and Level Annotations

Branches:
Dungeon (9/15)             Temple (0/1) D:6            Lair (0/8) D:9
    Orc: D:9-12

Altars:
Elyvilon
Fedhas
Kikubaaqudgha
Nemelex Xobeh
Qazlal
Vehumet
Yredelemnul
The Shining One

Shops:
D:9 *}(

Annotations:
D:7 Pikel


Innate Abilities, Weirdness & Mutations

You have a pair of small horns on your head.
You are mostly covered in iridescent scales (AC +6).
You sometimes gain a little power by taking damage.
You are immune to rotting.
You have large cloven feet.
Your magical capacity is low (-10% MP).
Your spells are a little harder to cast, but a little more powerful.


Message History

You are engulfed in calcifying dust.
The catoblepas completely misses you.
You are engulfed in calcifying dust.
The catoblepas breathes a plume of calcifying dust at you.
The blast of calcifying dust hits you!
The catoblepas breathes a plume of calcifying dust at you.
The blast of calcifying dust hits you!
* * * LOW HITPOINT WARNING * * *
You are engulfed in calcifying dust.
The catoblepas gores you!!
* * * LOW HITPOINT WARNING * * *
You are engulfed in calcifying dust.
The catoblepas gores you.
* * * LOW HITPOINT WARNING * * *
You turn to flesh and can move again.
Read which item? (? for menu, Esc to quit)
As you read the scroll of fear, it crumbles to dust.
You assume a fearsome visage.
The catoblepas resists with some effort.
You are engulfed in calcifying dust.
You are slowing down.
The catoblepas gores you!!
You die...

#'####
#.....................#
#.#
##########'##########.#
#.# #.....# #.# #+##
#.###### #####.#
...###### ###'##...#
#..%#.#
...'....###.<..#...#
+...'.#
...####...#....#...#
#...### ...#
###.#....##'###+###'##
..)#
#.#....#@Y.#:.)#...#
...#
#.#....#...#...#...#
...#
#.'....#.).#$.=#...#
...#
###....##'#######'##
#### #....#...#...#..(#
## ######...'.(.(...#
.# #...#...#...# ##
############# _##


You could see a catoblepas.

Vanquished Creatures
  An ogre mage (D:9)
  A cyclops (D:9)
  Psyche (D:8)
  Prince Ribbit (D:8)
  A two-headed ogre (D:8)
  A trapdoor spider (shapeshifter) (D:9)
  A wyvern (D:9)
  A wyvern (shapeshifter) (D:9)
  2 wraiths (Ossuary)
  Eustachio (D:6)
  A hippogriff (D:8)
  Menkaure (D:4)
  A soldier ant (D:9)
  2 orc warriors (D:6)
  2 ice beasts (D:6)
  A wasp (D:9)
  A sky beast (D:8)
  The ghost of achirane the Conjurer, an average NaWz (D:3)
  2 phantoms
  4 ogres
  2 centaurs
  A gnoll sergeant (D:8)
  4 giant frogs
  3 killer bees (D:8)
  2 scorpions
  A wyvern skeleton (D:9)
  2 wights (Ossuary)
  3 hounds
  3 giant frog zombies
  5 crimson imps
  3 orc priests
  4 iguanas
  Ijyb (D:2)
  A centaur zombie (D:5)
  A jelly (D:9)
  8 orc wizards
  2 giant frog skeletons
  Jessica (D:3)
  6 worker ants
  A centaur skeleton (D:5)
  A worker ant zombie (D:9)
  9 adders
  6 gnolls
  3 shadow imps
  2 oozes
  2 adder zombies
  7 worms
  4 adder skeletons
  6 giant geckos
  31 orcs
  2 goblins
  6 hobgoblins
  2 jackals (D:3)
  6 kobolds
  3 quokkas
  2 ball pythons
  A ball python skeleton (Ossuary)
  2 bats (D:2)
  7 giant cockroaches
  A giant gecko zombie (D:6)
  A giant newt (D:2)
  2 hobgoblin skeletons (Ossuary)
  A hobgoblin zombie (Ossuary)
  3 kobold zombies (Ossuary)
  An orc skeleton (Ossuary)
  2 rats
  A fungus (D:9)
195 creatures vanquished.

Notes
Turn   | Place    | Note
--------------------------------------------------------------
     0 | D:1      | KambridgeKobold the Demonspawn Berserker began the quest for the Orb.
     0 | D:1      | Reached XP level 1. HP: 18/18 MP: 1/1
   231 | D:1      | Gained mutation: You are partially covered in iridescent scales (AC +4). [demonic ancestry]
   231 | D:1      | Reached XP level 2. HP: 12/24 MP: 2/2
   993 | D:2      | Reached skill level 1 in Maces & Flails
  1732 | D:2      | Reached XP level 3. HP: 16/29 MP: 3/3
  1873 | D:2      | Noticed Ijyb
  1896 | D:2      | Killed Ijyb
  1987 | D:2      | Acquired Trog's second power
  2065 | D:2      | Gained mutation: You are mostly covered in iridescent scales (AC +6). [demonic ancestry]
  2065 | D:2      | Reached XP level 4. HP: 36/36 MP: 4/4
  2300 | D:3      | Noticed Jessica
  2323 | D:3      | Killed Jessica
  2323 | D:3      | Reached skill level 4 in Fighting
  2348 | D:3      | Found a basalt altar of Yredelemnul.
  2443 | D:3      | Noticed achirane's ghost (average NaWz)
  2616 | D:3      | Found a glowing golden altar of the Shining One.
  2618 | D:3      | Noticed an angel
  2633 | D:3      | Noticed a profane servitor
  2871 | D:3      | Killed achirane's ghost
  2871 | D:3      | Reached XP level 5. HP: 43/43 MP: 5/5
  3216 | D:4      | Noticed Menkaure
  3321 | D:4      | Reached XP level 6. HP: 29/50 MP: 6/6
  3527 | D:4      | Reached skill level 5 in Fighting
  4836 | D:4      | Killed Menkaure
  4836 | D:4      | Reached XP level 7. HP: 49/57 MP: 7/7
  5188 | D:5      | Entered Level 5 of the Dungeon
  5250 | D:5      | Found a sand-covered staircase.
  5264 | D:5      | Reached skill level 6 in Fighting
  5289 | Ossuary  | Entered an ossuary
  5486 | Ossuary  | Noticed a wraith
  5486 | Ossuary  | Noticed a flying skull
  5492 | Ossuary  | Noticed a flying skull
  5498 | Ossuary  | Noticed a wraith
  5504 | Ossuary  | Killed a wraith
  5516 | Ossuary  | Noticed a flying skull
  5517 | Ossuary  | Noticed a flying skull
  5556 | Ossuary  | Noticed a flying skull
  5563 | Ossuary  | Noticed a wraith
  5587 | Ossuary  | Killed a wraith
  5587 | Ossuary  | Reached skill level 5 in Dodging
  5749 | Ossuary  | Reached skill level 7 in Fighting
  5749 | Ossuary  | Gained mutation: You are immune to rotting. [demonic ancestry]
  5749 | Ossuary  | Reached XP level 8. HP: 48/67 MP: 8/8
  6875 | D:6      | Reached skill level 5 in Armour
  7628 | D:6      | Gained mutation: You sometimes gain a little power by taking damage. [demonic ancestry]
  7628 | D:6      | Reached XP level 9. HP: 58/72 MP: 9/9
  7932 | D:6      | Noticed Eustachio
  7983 | D:6      | Killed Eustachio
  8343 | D:6      | Found a staircase to the Ecumenical Temple.
  8573 | D:7      | Noticed Pikel
  8829 | D:8      | Noticed Prince Ribbit
  8848 | D:8      | Killed Prince Ribbit
  9151 | D:8      | Reached skill level 8 in Armour
  9447 | D:8      | Gained mutation: Your magical capacity is low (-10% MP). [mutagenic meat]
  9693 | D:8      | Noticed Psyche
  9712 | D:8      | Killed Psyche
  9712 | D:8      | Gained mutation: You have a pair of small horns on your head. [demonic ancestry]
  9712 | D:8      | Reached XP level 10. HP: 73/79 MP: 7/9
 10207 | D:9      | Found Lonipsi's Gadget Emporium.
 10249 | D:9      | Found Xeyciq's Antique Weapon Shoppe.
 10269 | D:9      | Reached skill level 9 in Armour
 10308 | D:9      | Bought a glowing great mace for 201 gold pieces
 10466 | D:9      | Found a blossoming altar of Fedhas.
 10467 | D:9      | Found a radiant altar of Vehumet.
 10468 | D:9      | Found an ancient bone altar of Kikubaaqudgha.
 10470 | D:9      | Found a white marble altar of Elyvilon.
 10470 | D:9      | Found a stormy altar of Qazlal.
 10515 | D:9      | Found a staircase to the Lair.
 10566 | D:9      | Found a sparkling altar of Nemelex Xobeh.
 10625 | D:9      | Found Boapimpi's General Store.
 10891 | D:9      | Noticed a cyclops
 10899 | D:9      | Killed a cyclops
 10922 | D:9      | Gained mutation: Your spells are a little harder to cast, but a little more powerful. [mutagenic meat]
 10923 | D:9      | Gained mutation: You have large cloven feet. [mutagenic meat]
 10927 | D:9      | Noticed an ogre mage
 10937 | D:9      | Killed an ogre mage
 10938 | D:9      | Noticed a griffon
 10956 | D:9      | Noticed a catoblepas
 11005 | D:9      | HP: 4/80 [catoblepas (2)]
 11006 | D:9      | Mangled by a catoblepas

Vault maps used:
D:1:      minmay_arrival_checkered_box
D:2:      uniq_iyjb
D:3:      grunt_temple_overflow_holy_war, hangedman_abyss_or_decor_lesser_grid,
          uniq_jessica
D:4:      uniq_menkaure
D:5:      first_bread, lightli_ossuary_entry_decrepit_ruins, minivault_4
D:6:      minmay_temple_entry_large_hall, lightli_minifort, uniq_eustachio
D:7:      kennysheep_doodads, uniq_pikel
D:8:      uniq_psyche, uniq_prince_ribbit1
D:9:      nicolae_overflow_hidden_temple, grunt_temple_overflow_open,
          dpeg_oklobed_lair, serial_shops, shop, shop, shop,
          hangedman_pestilent_swarm, minmay_evil_grid
Ossuary:  ossuary_due_cavern

Action                   |  1- 3 |  4- 6 |  7- 9 | 10-12 || total
-------------------------+-------+-------+-------+-------++-------
Melee: Whip              |   183 |   407 |    38 |       ||   628
       Hand axe          |     4 |       |       |       ||     4
       Mace              |       |       |   845 |    45 ||   890
       Great mace        |       |       |       |    88 ||    88
Throw: Stone             |    12 |     5 |    16 |       ||    33
Invok: Trog's Hand       |       |     5 |    13 |     3 ||    21
       Berserk           |       |     3 |     9 |       ||    12
       Burn Spellbooks   |       |       |     1 |       ||     1
Evoke: Wand              |       |       |     1 |     1 ||     2
  Use: Scroll            |       |       |    13 |     2 ||    15
       Potion            |       |       |     1 |     4 ||     5
 Stab: Sleeping          |       |     2 |     6 |       ||     8
       Fleeing           |       |       |     1 |       ||     1
  Eat: Chunk             |     4 |    12 |    24 |     5 ||    45
       Fruit             |       |       |     2 |     1 ||     3
       Pizza             |       |       |     1 |       ||     1
       Bread ration      |       |       |     1 |       ||     1
       Meat ration       |       |       |       |     1 ||     1
